Cogmind - Beta 14 @@@ ROGUE MODE // 2024.11.17 @ 19:05:33 Player: BEEEEES Result: Destroyed by Y-45 Defender with Beam Rifle Performance ------------- Evolutions (1) 500 Regions Visited (2) 400 Robots Destroyed (49) 245 Value Destroyed (976) 976 Prototype IDs (1) 20 Alien Tech Used (0) 0 Bonus (0) 0 TOTAL SCORE: 2141 Bonus ------- None Cogmind --------- Core Integrity 0/400 Matter 180/300 Energy 65/100 System Corruption 4% Temperature Cool (18) Movement Core (250) Ox4 Location -9/Materials Parts ------- > --- POWER (1) -------- (None) > --- PROPULSION (2) --- Improved Treads > --- UTILITY (4) ------ Medium Storage Unit > --- WEAPON (2) ------- Medium Laser Mining Laser > --- INVENTORY (10) --- Heavy Ion Engine Light Treads Light Treads Wheel Terrain Scan Processor Shield Generator Flail Peak State ------------ > --- POWER ------------ Heavy Ion Engine > --- PROPULSION ------- Light Treads Wheel > --- UTILITY ---------- Small Storage Unit Hardened Light Armor Plating Hardened Light Armor Plating Hardened Light Armor Plating > --- WEAPON ----------- Beam Rifle Flail > --- INVENTORY -------- Heavy Ion Engine Light Treads Light Treads Terrain Scan Processor Shield Generator Medium Laser Mini Grenade Launcher Mining Laser [Rating: 17] Favorites ----------- Power Heavy Ion Engine Engine Heavy Ion Engine Propulsion Light Treads Treads Light Treads Leg Aluminum Leg Wheel Wheel Utility Hardened Light Armor Plating Device Shield Generator Storage Small Storage Unit Protection Hardened Light Armor Plating Weapon Medium Laser Energy Gun Medium Laser Ballistic Gun Light Assault Rifle Launcher Mini Grenade Launcher Special Weapon Mining Laser Impact Weapon Flail Build | -11 -10 -9 ------- Run | Yrd Mat Mat Slots Evolved 2 | . . 2 Power . | . . . Propulsion . | . . . Utility 2 | . . 2 Weapon . | . . . Parts Attached 52 | . 11 41 Power 4 | . 1 3 Engine 4 | . 1 3 Core . | . . . Reactor . | . . . Propulsion 13 | . 2 11 Treads 8 | . 1 7 Leg . | . . . Wheel 5 | . 1 4 Hover . | . . . Flight . | . . . Utility 11 | . 1 10 Device 6 | . 1 5 Storage 1 | . . 1 Processor . | . . . Hackware . | . . . Protection 4 | . . 4 Artifact . | . . . Weapon 24 | . 7 17 Energy Gun 9 | . 1 8 Energy Cannon . | . . . Ballistic Gun 3 | . 3 . Ballistic Cannon . | . . . Launcher 4 | . . 4 Special Weapon 4 | . 3 1 Impact Weapon 4 | . . 4 Slashing Weapon . | . . . Piercing Weapon . | . . . Special Melee Weapon . | . . . Unidentified Prototypes 1 | . . 1 Parts Lost 21 | . 4 17 Power 2 | . 1 1 Propulsion 6 | . 2 4 Utility 7 | . . 7 Weapon 6 | . 1 5 Highest Loss Streak 6 | . 4 6 To Critical Strikes 1 | . . 1 Average Slot Usage (%) 91 | . 89 92 Engine 11 | . 13 10 Treads 10 | . 7 11 Leg 2 | . 12 . Wheel 9 | . 7 10 Device 8 | . 5 9 Storage 11 | . 14 11 Protection 13 | . . 17 Energy Gun 11 | . 13 10 Ballistic Gun 6 | . 9 4 Launcher 2 | . . 2 Special Weapon 1 | . 4 . Impact Weapon 2 | . . 3 Peak Build Rating 17 | . 7 17 Average Rating 11 | . 6 13 On Entrance 6 | 6 6 7 Naked Turns . | . . . Heaviest Build 33 | 14 14 33 Greatest Support 40 | 20 20 40 Greatest Overweight (x) 8 | . 3 8 Average Overweight (x) 1 | . . 1 Largest Inventory Capacity 10 | . 8 10 Average Capacity 8 | . 8 8 Most Carried 9 | . 7 9 Average Carried 6 | . 4 7 Final Capacity 10 | 8 8 10 Final Carried 8 | 6 5 8 Class Distribution -------------------- 91% | Mutant 8% | Scavenger-Mutant Dominant Class ---------------- Mutant | -10/Materials Mutant | -9/Materials Resources | -11 -10 -9 ----------- Run | Yrd Mat Mat Matter Collected 885 | 200 206 479 Remotely . | . . . Salvage Created 1248 | . 338 910 Parts 88 | . 23 65 Haulers Intercepted 2 | . . 2 Recyclers Shooed 3 | . . 3 Parts Field Recycled . | . . . Retrieved Matter . | . . . Parts Self-Destructed . | . . . Prevented . | . . . Kills | -11 -10 -9 ------- Run | Yrd Mat Mat Combat Hostiles Destroyed 36 | . 13 23 Guns 31 | . 11 20 Cannons 2 | . 2 . AOE 3 | . . 3 Classes Destroyed 9 | . 5 4 Worker 1 | . 1 . Builder 5 | . 1 4 Hauler 2 | . . 2 Recycler 2 | . . 2 Watcher 3 | . 1 2 Swarmer 19 | . 7 12 Grunt 11 | . 6 5 Duelist 1 | . . 1 Sentry 5 | . . 5 Best Kill Streak 6 | . 4 6 Combat Bots Only 5 | . 3 5 Max Kills in Single Turn 3 | . 1 3 Gunslinging . | . . . Exploded 2 | . . 2 Melee . | . . . Uniques/NPCs Destroyed . | . . . Combat | -11 -10 -9 -------- Run | Yrd Mat Mat Hostile Shots Fired 303 | . 101 202 Missed 88 | . 26 62 Damage Taken 2971 | . 771 2200 Core 522 | . 122 400 Absorbed by Shields 173 | . . 173 Regen/Repaired (Parts) 137 | . . 137 Core Remaining (%) 75 | 100 51 . Volleys Fired 139 | . 61 78 Largest 2 | . 2 2 Hottest 150 | . 150 106 Shots Fired 246 | . 105 141 Gun 217 | . 96 121 Cannon . | . . . Launcher 20 | . . 20 Special 9 | . 9 . Kinetic 94 | . 43 51 Thermal 123 | . 62 61 Explosive 20 | . . 20 Electromagnetic 9 | . . 9 Robot Hit Streak 9 | . 9 9 Robot Miss Streak 6 | . 6 3 Penetration Max . | . . . Secondary Targets 4 | . 3 1 Max Gunslinging Chain 1 | . 1 1 Shots Hit Robots 150 | . 56 94 Core Hits 80 | . 22 58 Critical Kills . | . . . Critical Parts Destroyed 1 | . . 1 Critical Strikes 9 | . 2 7 Burn 8 | . 2 6 Smash 1 | . . 1 Melee Attacks 19 | . . 19 Impact 19 | . . 19 Slashing . | . . . Piercing . | . . . Sneak Attacks 2 | . . 2 Combat Hostiles . | . . . Follow-up Attacks . | . . . Damage Inflicted 2748 | . 804 1944 Guns 1653 | . 708 945 Cannons . | . . . Explosions 776 | . . 776 Melee 188 | . . 188 Ramming 35 | . . 35 Kinetic 650 | . 343 307 Thermal 1121 | . 461 660 Explosive 661 | . . 661 Electromagnetic 93 | . . 93 Impact 188 | . . 188 Slashing . | . . . Piercing . | . . . Highest Corruption 4 | . 1 4 Average Corruption 3 | . 1 4 Corruption Purged . | . . . Corruption Blocked . | . . . Effects 3 | . . 3 Matter Fused 1 | . . 1 Energy Discharges 1 | . . 1 Alerts 1 | . . 1 Overload Shots . | . . . Overflow Damage 154 | . . 154 Projectiles . | . . . Explosions 67 | . . 67 Melee 87 | . . 87 Knockbacks . | . . . Impact . | . . . Kinetic . | . . . Secondary . | . . . Self-Inflicted Damage 494 | . . 494 Shots 10 | . . 10 Rammed 3 | . . 3 Targets Rammed 3 | . . 3 Kicked . | . . . Crushed . | . . . Highest Temperature 377 | . 331 377 Average Temperature 99 | . 108 91 Received Heat Transfer 667 | . 246 421 Effects 8 | . 3 5 Interference 7 | . 2 5 Matter Decay 1 | . 1 . Siege Activations . | . . . Robots Corrupted 1 | . . 1 Combat Hostiles . | . . . Parts Fried 5 | . . 5 Impact Corruptions 4 | . . 4 Robots Melted . | . . . Combat Hostiles . | . . . Parts Melted 12 | . 3 9 Heat Transferred 3482 | . 1421 2061 Parts Sabotaged . | . . . Parts Stolen . | . . . Parts Stripped . | . . . Power Chain Reactions . | . . . Alert | -11 -10 -9 ------- Run | Yrd Mat Mat Peak Influence 437 | . 294 437 Initial 76 | . . 76 Average 183 | . 116 206 Maximum Alert Level 2 | . 1 2 Low Security (%) 66 | . 84 60 Level 1 31 | . 15 36 Level 2 2 | . . 3 Level 3 . | . . . Level 4 . | . . . Level 5 . | . . . High Security . | . . . Max Security . | . . . Squads Dispatched 6 | . 5 1 Investigation 2 | . 2 . Extermination . | . . . Reinforcement 4 | . 3 1 Assault . | . . . Garrison . | . . . Intercept . | . . . Searches Triggered . | . . . Construction Impeded . | . . . Haulers Reinforced . | . . . Active Scanning Responses . | . . . Cargo Convoy Interrupts . | . . . Stealth | -11 -10 -9 --------- Run | Yrd Mat Mat Distress Signals 6 | . 2 4 Communications Jammed . | . . . Distress Signals . | . . . Times Spotted 71 | . 22 49 Peak Tracking Total 6 | . 6 6 Tactical Retreats 8 | . 1 7 Traps | -11 -10 -9 ------- Run | Yrd Mat Mat Traps Triggered 3 | . 2 1 Indirectly . | . . . Trap Hack Attempts . | . . . Triggered . | . . . Disarmed . | . . . Reprogrammed . | . . . Reused . | . . . Traps Extracted . | . . . Installed . | . . . Triggered . | . . . Machines | -11 -10 -9 ---------- Run | Yrd Mat Mat Machines Disabled 6 | . 2 4 Max in Single Turn 1 | . 1 1 Machines Repaired . | . . . Machines Dismantled . | . . . Machines Sabotaged . | . . . Overloaded Fab Kills . | . . . Hacking | -11 -10 -9 --------- Run | Yrd Mat Mat Machines Accessed 14 | . 7 7 Terminals 11 | . 6 5 Fabricators . | . . . Repair Stations 2 | . 1 1 Recycling Units . | . . . Scanalyzers 1 | . . 1 Garrison Access . | . . . Total Hacks 30 | . 14 16 Successful 15 | . 7 8 Failed 15 | . 7 8 Catastrophic 2 | . 1 1 Database Lockouts . | . . . Manual 19 | . 9 10 Terminals 23 | . 11 12 Fabricators . | . . . Repair Stations 5 | . 3 2 Recycling Units . | . . . Scanalyzers 2 | . . 2 Garrison Access . | . . . Terminal Hacks 3 | . 2 1 Terminal Index 1 | . 1 . Unreport Threat 1 | . 1 . Hauler Manifests 1 | . . 1 Fabricator Hacks . | . . . Repair Station Hacks 3 | . 1 2 Scan Component 2 | . 1 1 Repair 1 | . . 1 Recycling Unit Hacks . | . . . Scanalyzer 2 | . . 2 Insert Component 1 | . . 1 Analyze 1 | . . 1 Garrison Access Hacks . | . . . Unauthorized Hacks 7 | . 4 3 Terminals 7 | . 4 3 Botnet 7 | . 4 3 Fabricators . | . . . Repair Stations . | . . . Recycling Units . | . . . Scanalyzers . | . . . Garrison Access . | . . . Data Cores Recovered . | . . . Used . | . . . Hacking Detections 10 | . 4 6 Full Trace Events 2 | . 2 . Feedback Events . | . . . Feedback Blocked . | . . . Robot Schematics Acquired . | . . . Robots Built . | . . . Authchips . | . . . Time . | . . . Total Robot Build Rating . | . . . Part Schematics Acquired 1 | . . 1 Parts Built . | . . . Authchips . | . . . Time . | . . . Total Part Build Rating . | . . . Parts Repaired 1 | . . 1 Time 13 | . . 13 Parts Recycled . | . . . Recycled Matter . | . . . Retrieved Matter . | . . . Retrieved Components . | . . . Parts Scanalyzed 1 | . . 1 Part Schematics Acquired 1 | . . 1 Parts Damaged . | . . . Bothacking | -11 -10 -9 ------------ Run | Yrd Mat Mat Used RIF Installer . | . . . Robots Hacked . | . . . Non-combat . | . . . Combat . | . . . Robot Hacks Applied . | . . . Relay Couplers Released . | . . . Fabnet Peak Effective % . | . . . Robots Rewired . | . . . Allies Hacked . | . . . Hacks Repelled . | . . . Allies | -11 -10 -9 -------- Run | Yrd Mat Mat Total Allies . | . . . Largest Group . | . . . Highest-Rated Group . | . . . Highest-Rated Ally . | . . . Total Orders . | . . . Ally Attacks . | . . . Total Damage . | . . . Kills . | . . . Allies Corrupted . | . . . Allies Melted . | . . . Intel | -11 -10 -9 ------- Run | Yrd Mat Mat Robot Analysis Total . | . . . Derelict Logs Recovered . | . . . Drone Launches . | . . . Drone Recoveries . | . . . Exploration | -11 -10 -9 ------------- Run | Yrd Mat Mat Turns Passed 2321 | . 578 1743 Spaces Moved 1113 | 1 365 747 Core 12 | . 2 10 Treads 369 | . . 369 Legs 113 | 1 112 . Wheels 619 | . 251 368 Hover . | . . . Flight . | . . . Fastest Speed 95 | 120 95 95 Average Speed 148 | 120 103 169 Slowest Speed 450 | 120 200 450 Overloaded Moves . | . . . Propulsion Burnouts . | . . . Robots Hopped . | . . . Cave-ins Triggered 1 | . . 1 Exploration Rate (%) 42 | 2 62 62 Regions Visited 2 Branch Regions . Pre-discovered Areas . | . . . Known Exits Taken . | . . . Unknown Exits Taken 2 | 1 1 . Scrap Searched . | . . . Spaces Dug 17 | . 3 14 Terrain Destroyed 259 | . 3 256 Melee 14 | . . 14 Projectile 3 | . 3 . AOE 242 | . . 242 Terrain Rammed . | . . . Walls Destroyed . | . . . Machines Disabled . | . . . Actions | -11 -10 -9 --------- Run | Yrd Mat Mat Total 1493 | . 443 1050 Wait 145 | . 1 144 Move 1111 | . 364 747 Hop . | . . . Pick Up 11 | . 2 9 Fast Attach 14 | . 3 11 Attach 13 | . 4 9 Detach 3 | . 2 1 Swap 25 | . 4 21 Drop 10 | . 2 8 Fire 139 | . 61 78 Melee 19 | . . 19 Ram 3 | . . 3 Kick . | . . . Crush . | . . . Escape Stasis . | . . . Rewire . | . . . Trap . | . . . Miscellaneous . | . . . Route ------- -11/Scrapyard -10/Materials (discovered 3 exits: *Mat x2 / [*Min]) -9/Materials (discovered 4 exits: [*Mat x3] / [*Min]) History --------- Turn | Location | Event 1 | -11/Scrapyard | Discovered new exit (range 0) 1 | -11/Scrapyard | Entered Materials 282 | -10/Materials | Lost 4 parts (1p2n1w) 321 | -10/Materials | Build established: Mutant 349 | -10/Materials | Discovered new exit (range 12) 437 | -10/Materials | Discovered new exit (range 14) 569 | -10/Materials | Discovered new exit (range 11) 579 | -10/Materials | Entered another Materials area 579 | -9/Materials | Evolved 2 slots: Utility x2 1016 | -9/Materials | Lost 6 parts (3u3w) 1301 | -9/Materials | Repaired Lgt. Treads 1581 | -9/Materials | Discovered new exit (range 3) 1682 | -9/Materials | Discovered new exit (range 16) 1975 | -9/Materials | Core integrity fell below 50% 2067 | -9/Materials | Crushed by falling debris 2104 | -9/Materials | Discovered new exit (range 15) 2245 | -9/Materials | Discovered new exit (range 4) 2311 | -9/Materials | Core integrity fell below 20% 2322 | -9/Materials | Destroyed by Y-45 Defender with Beam Rifle Last Messages --------------- 02283_ Acquired 43 matter. 02285_ K-01 Serf collects debris. 02285_ R-06 Scavenger collects Prototype Energy Gun. 02288_ K-01 Serf collects debris. 02288_ R-06 Scavenger collects Prototype Energy Gun. 02293_ System corrupted: Matter fused (-5). 02305_ The unstable cave ceiling collapses. 02305_ Hrd. Light Armor Plating destroyed. 02307_ Mni. Grenade Launcher destroyed. 02307_ Destroyed Mni. Grenade Launcher. 02310_ Fusion Modulator explodes. 02310_ Destroyed Hvy. Assault Rifle. 02315_ Y-45 Defender suffers critical hit (Burn). 02315_ Com. Wheel destroyed. 02319_ Y-45 Defender heat short circuits Imp. Ion Engine. 02322_ K-01 Serf collects debris. Map ----- +----------------------------------------------------+ | ?????????? | | ###????????## ##### % % | | #????????## ############### ############## | | #????????# "#?# # #?????????## # | | #????????# ""#?# """ # #?????????##### | | #????????# ||#?# """ # ################ | | #????????# < " ### """ =# | | #????????# ||### + | | #????????# ""### # | | #????????# "#?# # #######+######## | | #????????## ####?# ""T"" # #??# %= #??? | | ############# #????# """"" # #??# """ #??? | | """"%+ #????########## #??# "T" #??? | | """ ""S"" # ############### #### #??? | | """ "" "" # # # + #??? | | """ # # # #### !! #??? | | # [ #####??# !! #??? | | ############# !* ] #??????#! #??? | | ??????###### [ ! #??????# #??? | | ??# [ | #??????##########??? | | ??# # ###+##########??????????????????? | | ??# ?## #?# #???????????????????????????? | | ??# """ "????## #### #####??????????????????????? | | ?????"" ??????# # ##?????????????????????? | | ??????????????# ## #####+#???????????????? | | ??????????????# # @ +?????????? | | ??????????????# ## kY #######???????????????? | | ??#########+### # Y ; #????????????????????? | | ^ ; ##????????????????????? | | ^ ; #?????????????????????? | | T ; ; #?????????????????????? | | ####+### ; ; #?????????????????????? | | # ; ; #?????????????????????? | | # """ ;;;;;;;;;#?????????????????????? | | # """ # ?????????????????????? | | # """ ! # """ """ ?????????????????????? | | + # """ """ ?????????????????????? | | # # """ """ ?????????????????????? | | ######## + """ ""? ?????????????????????? | | #??????# # """ ""???????????????????????? | | #??????# < # #????????????????????? | | #??????# # #???????????????????? | | #??????#########+######???????????????????? | | ########?????????????????????????????????????????? | | ?????????????????????????????????????????????????? | | ?????????????????????????????????????????????????? | | ?????????????????????????????????????????????????? | | ?????????????????????????????????????????????????? | | ?????????????????????????????????????????????????? | | ?????????????????????????????????????????????????? | +----------------------------------------------------+ Best States ------------- Heat Dissipation 38 Energy Generation 14 Energy Capacity 280 Matter Stores 300 Matter Capacity 300 Sight Range 16 Terrain Scan Density 10 ECM Strength 1 Armor Coverage 450 Evasion (%) 55 Recoil Reduction 2 Item Schematics ----------------- Mni. Grenade Launcher | -9/Materials | Scanalyzed Robot Schematics ------------------ None Fabricated ------------ Nothing Alien Tech Used ----------------- None Achievements -------------- None Challenges ------------ None Game ------ Seed VampiricFlightDrivehammer Manual? 0 Play Time 00:35:00 Cumulative 20.0 hours Start 2024.11.17 @ 17:58:04 End 2024.11.17 @ 19:05:33 Sessions 1 Manual Loads 0 Difficulty Rogue Special Mode None Game No. 42 Rogue 39 Adventurer 3 Explorer 0 Win Type - Total 0 Types 0/0/0/0/0/0/0/0/0 Lore% 5 Gallery% 19 Achievement% 16 Wizard Run 0 Options --------- Layout 1 ASCII 0 Keyboard 0 Movement Mouse Keybinds 0 Fullscreen 2 Font 48/Terminus Map View 50x35 Zoom Use 0% Tactical HUD 1 Map Filters NONE Filters NONE Steam X RUN: f566d98b-d749-4c24-b3be-92f831fd83b5